 Dungeon Crawl Stone Soup version 0.32-a0-918-g0f22ef8d61 (webtiles) character file.

Game seed: 9030118874721740098

117 Fodor the Trooper (level 4, -6/40 HPs)
             Began as a Minotaur Fighter on Apr 11, 2024.
             Mangled by a gnoll
             ... wielding a +0 flail
              (12 damage)
             ... on level 3 of the Dungeon.
             The game lasted 00:07:08 (1657 turns).

Fodor the Trooper (Minotaur Fighter)                Turns: 1657, Time: 00:07:08

Health: -6/40      AC:  7    Str: 23    XL:     4   Next: 71%
Magic:  3/3        EV:  9    Int:  5    God:
Gold:   39         SH:  4    Dex:  9    Spells: 3/3 levels left

rFire   . . .        a - +0 war axe
rCold   . . .        c - +0 buckler
rNeg    . . .        b - +0 scale mail
rPois   .            (helmet restricted)
rElec   .            (no cloak)
rCorr   .            (no gloves)
SInv    .            (no boots)
Will    .....        (no amulet) Stlth
                     (no ring)
HPRegen 0.26/turn    (no ring)
MPRegen 0.08/turn

%: no passive effects
@: no status effects
A: horns 2, retaliatory headbutt
a: no special abilities


You were on level 3 of the Dungeon.
You visited 1 branch of the dungeon, and saw 3 of its levels.

You collected 39 gold pieces.

Inventory:

Hand Weapons
 a - a +0 war axe (weapon)
Missiles
 g - a throwing net (quivered)
Armour
 b - a +0 scale mail (worn)
 c - a +0 buckler (worn)
 k - a +0 pair of gloves
Talismans
 m - a dragon-blood talisman
Wands
 l - a wand of flame (19)
Scrolls
 f - a scroll of identify {unknown}
 h - a scroll of amnesia {unknown}
 i - a scroll of poison {unknown}
 n - 2 scrolls of teleportation {unknown}
Potions
 d - a potion of might
 e - a potion of ambrosia {unknown}
 j - a potion of attraction {unknown}
 o - a potion of curing {unknown}


   Skills:
 + Level 4.2 Fighting
 + Level 4.2 Axes
 + Level 1.0 Throwing
 + Level 4.1 Armour
 + Level 1.4 Dodging
 + Level 4.0 Shields


You had 3 spell levels left.
You didn't know any spells.
Your spell library was empty.

Dungeon Overview and Level Annotations

Branches:
Dungeon (3/15)

Altars:
Wu Jian

Shops:
D:1 =


Innate Abilities, Weirdness & Mutations

You have a pair of horns on your head.
You reflexively headbutt those who attack you in melee.


Message History

You hit the gnoll.
The gnoll is moderately wounded.
The gnoll hits you with a +0 flail.
A gnoll comes into view. It is wielding a +0 halberd.
You barely miss the gnoll.
The gnoll is moderately wounded.
The gnoll shouts!
You block the gnoll's attack. The gnoll barely misses you.
You closely miss the gnoll.
The gnoll is moderately wounded.
The gnoll hits you with a +0 flail.
You hit the gnoll.
The gnoll is heavily wounded.
You block the gnoll's attack.
A gnoll comes into view. It is wielding a +0 flail.
The gnoll shouts!
The gnoll closely misses you. You furiously retaliate!
You headbutt the gnoll. The gnoll hits you with a +0 halberd!
You slash the gnoll!
The gnoll is severely wounded.
You hit the gnoll. The gnoll hits you with a +0 flail.
* * * LOW HITPOINT WARNING * * *
The gnoll barely misses you. You block the gnoll's attack.
The gnoll hits you with a +0 flail.
* * * LOW HITPOINT WARNING * * *
The gnoll barely misses you.
The gnoll throws a stone.
The stone hits you but does no damage.
The gnoll hits you from afar with a +0 halberd.
* * * LOW HITPOINT WARNING * * *
The gnoll hits you but does no damage.
The gnoll throws a stone.
The stone hits you but does no damage. The gnoll attacks as it pursues you!
The gnoll hits you from afar with a +0 halberd.
* * * LOW HITPOINT WARNING * * *
The gnoll attacks as it pursues you! You block the gnoll's attack.
The gnoll hits you but does no damage.
A gnoll comes into view. It is wielding a +0 flail.
The gnoll attacks as it pursues you! The gnoll closely misses you.
You furiously retaliate!
You headbutt the gnoll! The gnoll attacks as it pursues you!
The gnoll hits you with a +0 flail!
You die...

#.......###.......###.##...#####
#####.### ##.....## #.###..#
#####.# ##...## #.###..# #.....#
##+# #......# #.##### #.#
#####.## #.# ######.####### #.#
#.# #............# #.# #.#
##)###...##.#.####.#
#.######.#.#...@g.g.......#
#.......###.#..####g####..#
########.#.###.##.....##.##
#...##.#.......#
###....#.......#.#
###....)._.....# #..#.......#g#
#..#.......#.# ##.##.....## #


You could see 3 gnolls.

Vanquished Creatures
  Jessica (D:2)
  4 adders
  A ribbon worm (D:2)
  3 dart slugs (D:1)
  8 endoplasms
  A giant cockroach (D:2)
  2 hobgoblins (D:1)
  10 kobolds
  2 quokkas
  2 ball pythons (D:1)
  3 bats
  A frilled lizard (D:2)
  6 goblins
  A rat (D:1)
45 creatures vanquished.

Notes
Turn   | Place    | Note
-------+----------+-------------------------------------------
     0 | D:1      | Fodor the Minotaur Fighter began the quest for the Orb.
     0 | D:1      | Reached XP level 1. HP: 19/19 MP: 0/0
    72 | D:1      | Found Ystivys's Jewellery Emporium.
   103 | D:1      | Reached XP level 2. HP: 27/27 MP: 1/1
   390 | D:1      | Reached XP level 3. HP: 33/33 MP: 2/2
   813 | D:2      | Reached skill level 1 in Dodging
   825 | D:2      | Reached XP level 4. HP: 39/40 MP: 3/3
  1212 | D:2      | Noticed Jessica
  1219 | D:2      | Killed Jessica
  1555 | D:3      | Reached skill level 1 in Throwing
  1634 | D:3      | Found an ornate altar of the Wu Jian Council.
  1657 | D:3      | Mangled by a gnoll

Illustrated notes

Levels and vault maps discovered:
D:1:      erik_arrival_blinker_ship, layout_basic, serial_shops, shop
D:2:      layout_basic, kennysheep_jessica_study
D:3:      layout_loops_corners, mainiacjoe_overflow_24_doors,
          old_standard_altar, chequers_serial_rivers_micro_e

Skill      XL: |  1  2  3  4 |
---------------+-------------+-----
Fighting       | 4 |  4.2
Axes           | 3 4 |  4.2
Armour         | 4 |  4.1
Dodging        | 1 |  1.4
Throwing       | 1 |  1.0
Shields        | 4 |  4.0

Action                     |  1- 3 |  4- 6 || total
---------------------------+-------+-------++-------
  Melee: War axe           |    65 |    22 ||    87
         Headbutt          |    10 |     4 ||    14
  Throw: Throwing net      |    10 |     1 ||    11
 Armour: Scale mail        |    61 |    33 ||    94
  Dodge: Dodged            |    30 |    17 ||    47
  Block: Buckler           |    16 |    14 ||    30

Table legend: (Time is in decaauts)
 A = Elapsed time spent in this place.
 B = Non-inter-level travel time spent in this place.
 C = Inter-level travel time spent in this place.
 D = Time resting spent in this place.
 E = Time spent auto-exploring this place.
 F = Levels seen in this place.
 G = Mean time per level.
                   A        B        C        D        E       F      G
               +--------+--------+--------+--------+--------+-----+--------+
         Total |   1689 |   1655 |     34 |      0 |   1241 |   3 |  563.0 |
       Dungeon |   1689 |   1655 |     34 |      0 |   1241 |   3 |  563.0 |
               +--------+--------+--------+--------+--------+-----+--------+

Top non-repeatable levels by time:
     D:2: 852 daAuts
     D:1: 696 daAuts
     D:3: 140 daAuts
